 Dungeon Crawl Stone Soup version 0.20-a0-317-gc038824 (webtiles) character file.

524 Firecrotchwizard the Skirmisher (level 7, -20/63 HPs)
             Began as a Minotaur Berserker on Dec 20, 2016.
             Was a Priest of Trog.
             Demolished by a reaper
             ... wielding a +0 scythe of protection
              (43 damage)
             ... on level 1 of the Abyss.
             The game lasted 00:09:21 (3970 turns).

Firecrotchwizard the Skirmisher (MiBe)              Turns: 3970, Time: 00:09:21

Health: -20/63     AC: 15    Str: 22    XL:     7   Next: 2%
Magic:  6/6        EV:  8    Int:  4    God:    Trog [***...]
Gold:   287        SH:  0    Dex: 11    Spells: 6/6 levels left

rFire  . . .     SeeInvis .     C - +1 quarterstaff
rCold  . . .     Gourm    .     f - +0 plate armour
rNeg   . . .     Faith    .     (shield currently unavailable)
rPois  .         Spirit   .     (helmet restricted)
rElec  .         Reflect  .     (no cloak)
rCorr  .         Harm     .     (no gloves)
MR     .....                    s - +2 pair of boots
Stlth  ..........               x - amulet of regeneration
                                (no ring)
                                (no ring)

@: confused, engulfed (cannot breathe)
A: retaliatory headbutt, horns 2
a: Berserk, Trog's Hand, Burn Spellbooks, Renounce Religion


You were on level 1 of the Abyss.
You worshipped Trog.
Trog was most pleased with you.
You were not hungry.

You visited 1 branch of the dungeon, and saw 5 of its levels.
You visited the Abyss 1 time.

You collected 287 gold pieces.

Inventory:

Hand Weapons
 a - a +0 mace
 C - a +1 quarterstaff (weapon)
Missiles
 m - 6 javelins (quivered)
Armour
 b - a +0 animal skin
 f - a +0 plate armour (worn)
 n - a +0 ring mail
 s - a +2 pair of boots (worn)
 A - a +2 scale mail of cold resistance
Jewellery
 k - an uncursed amulet of guardian spirit
 x - an amulet of regeneration (around neck)
Wands
 v - a wand of flame (25/48)
 w - a wand of confusion (31/48)
Scrolls
 e - 2 scrolls of enchant armour
 i - a scroll of blinking
 j - 2 scrolls of identify
 l - 3 scrolls of teleportation
 p - a scroll of magic mapping
 r - 3 scrolls of remove curse
Potions
 d - a potion of flight {unknown}
 h - a potion of invisibility {unknown}
 o - a potion of brilliance {unknown}
 q - 4 potions of curing
 B - a potion of heal wounds {unknown}
Comestibles
 c - 4 bread rations
 g - 8 fruits
 u - 2 meat rations
 z - 2 beef jerkies


   Skills:
 * Level 6.0 Fighting
 - Level 5.8(6.1) Maces & Flails
 * Level 2.6(4.5) Staves
 + Level 4.2 Armour
 + Level 4.0 Dodging


You had 6 spell levels left.
You didn't know any spells.

Dungeon Overview and Level Annotations

Branches:
Dungeon (5/15)
 Temple: D:4-7

Altars:
Elyvilon
Nemelex Xobeh


Innate Abilities, Weirdness & Mutations

You reflexively headbutt those who attack you in melee.
You have a pair of horns on your head.


Message History

The water elemental engulfs you in water!
With effort, you pull free of the water engulfing you.
You gasp with relief as air once again reaches your lungs.
The golden eye blinks at you.
You are more confused.
You bump into the rock wall.
The golden eye turns its gaze towards you.
The water elemental hits you!
The water elemental engulfs you in water!
The golden eye blinks at you. You resist with almost no effort.
You hit the water elemental.
The water elemental is lightly damaged.
Your lungs strain for air!
The water elemental hits you. The golden eye blinks at you.
You are more confused.
The reaper hits you from afar with a scythe of protection!!!
Ouch! That really hurt!
You die...

... .. ... .. ..#
#.# ##?## #.##
#...###...###...#
....%#...%.#....
.............. ..
..#.....# #...#
#.E@# ##.# ##G##
. .###.2.## . ..
.#...?2#.... ...
.........ยง... ..
..#.....#.....
#.(.###...###...#
##.# ##.## #.##
#...# ...# ..#


You could see a reaper, a water elemental and a golden eye.

Vanquished Creatures
  The ghost of arazyal the Grave Robber, an amateur VSNe (D:4)
  A centaur (D:5)
  A bullfrog zombie (D:4)
  2 orc priests (D:5)
  An orc wizard (D:5)
  A centaur skeleton (D:4)
  A worker ant (D:5)
  7 adders
  An ooze (D:1)
  An adder skeleton (D:4)
  3 worms
  3 leopard geckos
  5 orcs
  6 giant cockroaches
  8 goblins
  13 hobgoblins
  2 jackals (D:3)
  15 kobolds
  A quokka (D:2)
  4 bats
  3 frilled lizards
  5 rats
85 creatures vanquished.

Vanquished Creatures (others)
  An orc wizard (D:5)
1 creature vanquished.

Grand Total: 86 creatures vanquished

Notes
Turn   | Place    | Note
-------+----------+-------------------------------------------
     0 | D:1      | Firecrotchwizard the Minotaur Berserker began the quest for the Orb.
     0 | D:1      | Reached XP level 1. HP: 19/19 MP: 0/0
   317 | D:1      | Reached XP level 2. HP: 23/27 MP: 1/1
   453 | D:1      | Reached skill level 4 in Fighting
   687 | D:2      | Reached XP level 3. HP: 30/33 MP: 2/2
   919 | D:2      | Reached ** piety under Trog
  1165 | D:2      | Reached XP level 4. HP: 28/40 MP: 3/3
  2343 | D:3      | Reached skill level 5 in Maces & Flails
  2343 | D:3      | Reached XP level 5. HP: 44/47 MP: 4/4
  2780 | D:4      | Reached skill level 5 in Fighting
  2879 | D:4      | Noticed arazyal's ghost (amateur VSNe)
  2891 | D:4      | Killed arazyal's ghost
  2891 | D:4      | Reached XP level 6. HP: 49/56 MP: 5/5
  2961 | D:4      | Reached *** piety under Trog
  3400 | D:5      | Entered Level 5 of the Dungeon
  3466 | D:5      | Found a white marble altar of Elyvilon.
  3468 | D:5      | Found a sparkling altar of Nemelex Xobeh.
  3472 | D:5      | Reached skill level 1 in Staves
  3909 | D:5      | Reached skill level 6 in Fighting
  3909 | D:5      | Reached XP level 7. HP: 63/63 MP: 6/6
  3916 | D:5      | Cast into level 1 of the Abyss (orc)
  3927 | Abyss:1  | Noticed a bone dragon
  3960 | Abyss:1  | Noticed a water elemental
  3960 | Abyss:1  | Noticed a reaper
  3960 | Abyss:1  | Noticed a golden eye
  3970 | Abyss:1  | Demolished by a reaper

Vault maps used:
D:1:      dpeg_arrival_stonehenge_8_columns
D:2:      minmay_vboxes
D:4:      first_bread
D:5:      grunt_temple_overflow_open, yredelemnul_forgotten_temple_becter

Skill      XL: |  1  2  3  4  5  6 |
---------------+-------------------+-----
Fighting       | 4 5 6 |  6.0
Maces & Flails | 4 5 |  5.8
Dodging        | 3 4 |  4.0
Armour         | 3 4 |  4.2
Staves         | 2 |  2.6

Action                   |  1- 3 |  4- 6 |  7- 9 || total
-------------------------+-------+-------+-------++-------
Melee: Mace              |    69 |    97 |       ||   166
       Headbutt          |    10 |    22 |     1 ||    33
       Quarterstaff      |       |    26 |     8 ||    34
Invok: Berserk           |     1 |       |       ||     1
       Trog's Hand       |       |     1 |       ||     1
       Burn Spellbooks   |       |     1 |     1 ||     2
  Use: Scroll            |       |    11 |       ||    11
 Stab: Sleeping          |     1 |       |       ||     1
  Eat: Chunk             |     2 |     7 |       ||     9
       Pizza             |       |     1 |       ||     1
Armor: Animal skin       |    16 |     4 |       ||    20
       Ring mail         |       |    14 |       ||    14
       Scale mail        |       |    14 |       ||    14
       Plate armour      |       |     2 |     6 ||     8
Dodge: Dodged            |    37 |    74 |     4 ||   115
